 Seeded DCSS version 0.31.0-32-g396128a36d (webtiles) character file.

Game seed: 4512655440555121726 (custom seed)

575 timneilson the Sneak (level 7, -6/40 HPs)
             Began as a Kobold Enchanter on Mar 30, 2024.
             Killed by divine providence
             ... invoked by an orc priest
              (14 damage)
             ... on level 5 of the Dungeon.
             The game lasted 00:17:26 (4596 turns).

timneilson the Sneak (Kobold Enchanter)             Turns: 4596, Time: 00:17:27

Health: -6/40      AC:  4    Str:  5    XL:     7   Next: 61%
Magic:  10/10      EV: 17    Int: 17    God:
Gold:   178        SH:  0    Dex: 17    Spells: 10/10 levels left

rFire   . . .        a - +2 dagger
rCold   . . .        (no shield)
rNeg    . . .        b - +0 robe
rPois   .            n - +0 helmet
rElec   .            (no cloak)
rCorr   +            l - +0 pair of gloves
SInv    .            (no boots)
Will    .....        (no amulet)
Stlth   ++++         r - ring of resist corrosion
HPRegen 0.26/turn    (no ring)
MPRegen 0.12/turn

%: no passive effects
@: no status effects
A: small, no large weapons, nightstalker 3
a: no special abilities


You were on level 5 of the Dungeon.
You visited 1 branch of the dungeon, and saw 5 of its levels.

You collected 178 gold pieces.

Inventory:

Hand Weapons
 a - a +2 dagger (weapon)
Missiles
 f - 10 poisoned darts
 i - 4 curare-tipped darts (quivered)
Armour
 b - a +0 robe (worn)
 l - a +0 pair of gloves (worn)
 n - a +0 helmet (worn)
Jewellery
 r - a ring of resist corrosion (left hand)
Wands
 k - a wand of quicksilver (12)
Scrolls
 d - a scroll of torment
 e - a scroll of blinking
 g - a scroll of brand weapon {unknown}
 t - a scroll of amnesia
 u - a scroll of enchant weapon
 v - a scroll of fear {unknown}
Potions
 c - a potion of invisibility
 h - a potion of ambrosia {unknown}
 j - a potion of might
 m - 2 potions of curing
 o - 2 potions of enlightenment
 p - 2 potions of brilliance
 q - a potion of mutation {unknown}
 s - a potion of cancellation {unknown}


   Skills:
 + Level 2.7 Fighting
 * Level 5.3 Short Blades
 + Level 2.1 Armour
 * Level 5.3 Dodging
 + Level 5.5 Stealth
 - Level 2.1 Spellcasting
 - Level 3.0 Hexes
 + Level 1.0 Evocations


You had 10 spell levels left.
You didn't know any spells.
Your spell library contained the following spells:

 Spells                   Type           Power      Damage    Failure   Level
 Slow                     Hex            48%        N/A       5%          1
 Ensorcelled Hibernation  Hex/Ice        12%        N/A       16%         2
 Confusing Touch          Hex            12%        N/A       17%         3
 Sigil of Binding         Hex            12%        N/A       17%         3
 Tukima's Dance           Hex            12%        N/A       17%         3
 Call Imp                 Summ           2%         N/A       28%         2
 Sublimation of Blood     Necr           1%         N/A       28%         2
 Dazzling Flash           Conj/Hex       12%        N/A       30%         3
 Stone Arrow              Conj/Erth      2%         3d7       50%         3
 Vampiric Draining        Necr           1%         2d6       50%         3
 Animate Armour           Summ/Erth      2%         N/A       88%         4
 Summon Hydra             Summ           0%         N/A       100%        7
 Lehudib's Crystal Spear  Conj/Erth      0%         10d2      100%        8


Dungeon Overview and Level Annotations

Branches:
Dungeon (5/15)
 Temple: D:4-7

Altars:
Gozag
Sif Muna
Vehumet

Shops:
D:4 =


Innate Abilities, Weirdness & Mutations

You are small and have problems with some larger weapons.
You are completely attuned to the shadows.


Message History

The orc wizard is almost dead.
You hit the orc wizard.
The orc wizard is almost dead.
The orc hits you with a +0 short sword.
The orc wizard hits you with a +0 dagger.
An orc priest comes into view. It is wielding a +0 club.
The orc priest shouts!
You hit the orc wizard but do no damage.
The orc wizard is almost dead.
The orc barely misses you. The orc wizard barely misses you.
You barely miss the orc wizard.
The orc wizard is almost dead.
You hit the orc wizard.
You kill the orc wizard!
The orc closely misses you.
The orc priest looks braver for a moment.
Unknown command.
The orc hits you with a +0 short sword.
You hit the orc priest.
The orc priest is lightly wounded.
The orc misses you. The orc priest barely misses you.
You hit the orc priest.
The orc priest is moderately wounded.
The orc hits you with a +0 short sword. The orc priest hits you with a +0 club.
You barely miss the orc priest.
The orc priest is moderately wounded.
You hit the orc priest.
The orc priest is moderately wounded.
The orc hits you with a +0 short sword. The orc priest barely misses you.
You closely miss the orc priest.
The orc priest is moderately wounded.
The orc priest invokes the aid of Beogh against you.
Beogh smites you!
* * * LOW HITPOINT WARNING * * *
The orc hits you with a +0 short sword.
* * * LOW HITPOINT WARNING * * *
The orc misses you.
The orc priest calls down the wrath of Beogh upon you.
Beogh smites you!
You die...

..# ..## #####. #..
#....# #o## .# #....#
#.o# .#
#....########@##.#
#............)...#
#....#..#######.>#
###'##..#######..#
#.##...........#
######.###.#..#####.#
.......# #.#..### .#
######## #......## .#
#.#...... .#


You could see an orc priest and an orc.

Vanquished Creatures
  An ogre (D:5)
  A scorpion (D:4)
  3 hounds
  A jelly (D:4)
  An orc wizard (D:5)
  An iguana (D:3)
  8 gnolls
  3 adders
  A white imp (D:5)
  3 dart slugs
  6 ribbon worms
  13 orcs
  10 ball pythons
  9 bats
  9 endoplasms
  10 giant cockroaches
  11 goblins
  7 hobgoblins
  4 jackals
  7 kobolds
  2 quokkas
  3 frilled lizards
  11 rats
125 creatures vanquished.

Notes
Turn   | Place    | Note
-------+----------+-------------------------------------------
     0 | D:1      | timneilson the Kobold Enchanter began the quest for the
                  | Orb.
     0 | D:1      | Reached XP level 1. HP: 10/10 MP: 3/3
   129 | D:1      | Reached XP level 2. HP: 9/16 MP: 5/5
   310 | D:1      | Reached XP level 3. HP: 19/20 MP: 6/6
   447 | D:1      | Reached skill level 1 in Fighting
   985 | D:2      | Reached XP level 4. HP: 25/25 MP: 7/7
  1204 | D:2      | Reached skill level 1 in Armour
  1870 | D:3      | Found an opulent altar of Gozag.
  2178 | D:3      | Reached XP level 5. HP: 25/29 MP: 8/8
  2789 | D:4      | Found a shimmering blue altar of Sif Muna.
  2976 | D:3      | HP: 1/29 [iguana (11)]
  3003 | D:4      | Reached XP level 6. HP: 35/35 MP: 9/9
  3026 | D:4      | Reached skill level 5 in Stealth
  3681 | D:4      | Found a radiant altar of Vehumet.
  3870 | D:4      | Found Wimalokk's Jewellery Shop.
  4006 | D:4      | Reached XP level 7. HP: 25/40 MP: 10/10
  4212 | D:5      | Entered Level 5 of the Dungeon
  4232 | D:5      | Reached skill level 5 in Dodging
  4246 | D:5      | Reached skill level 5 in Short Blades
  4249 | D:5      | Reached skill level 1 in Evocations
  4326 | D:4      | HP: 1/40 [ufetubus (3)]
  4596 | D:5      | Killed from afar by an orc priest

Illustrated notes

Levels and vault maps discovered:
D:1:      amcnicky_arrival_blooded_trapdoor, layout_rooms, nicolae_wormholes
D:2:      layout_basic, minmay_pentomino_w4
D:3:      minmay_chambers_of_twos, layout_basic, lemuel_doored_altar,
          minmay_goblin_outpost
D:4:      layout_rooms, mainiacjoe_overflow_concentric_impassable,
          nicolae_sif_muna_condensation, serial_shops,
          nicolae_shop_tiny_statue_garden
D:5:      layout_basic

Skill      XL: |  1  2  3  4  5  6  7 |
---------------+----------------------+-----
Short Blades   | 2 3 4 5 |  5.3
Dodging        | 3 4 5 |  5.3
Fighting       | 1 2 |  2.7
Armour         | 1 2 |  2.1
Stealth        | 5 |  5.5
Evocations     | 1 |  1.0
Spellcasting   | |  2.1
Hexes          | |  3.0

Action                     |  1- 3 |  4- 6 |  7- 9 || total
---------------------------+-------+-------+-------++-------
  Melee: Dagger            |   108 |   337 |    53 ||   498
         Punch             |     1 |     6 |     1 ||     8
  Throw: Dart              |     1 |     8 |     1 ||    10
    Use: Scroll            |     5 |     7 |     1 ||    13
         Potion            |       |     4 |       ||     4
   Stab: Sleeping          |    18 |    23 |     6 ||    47
         Distracted        |       |     1 |       ||     1
 Armour: Robe              |    36 |   137 |    34 ||   207
  Dodge: Dodged            |    75 |   229 |    45 ||   349
